 Dungeon Crawl Stone Soup version 0.25-a0-502-g6516661 (webtiles) character file.

Game seed: 12846534040957009749, levelgen mode: deterministic

157 wolfsongas the Fighter (level 5, -1/51 HPs)
             Began as a Gnoll Wanderer on Feb 13, 2020.
             Killed by nerve-wracking pain
             ... invoked by an orc priest
              (14 damage)
             ... on level 3 of the Dungeon.
             The game lasted 00:02:53 (1741 turns).

wolfsongas the Fighter (Gnoll Wanderer)             Turns: 1741, Time: 00:02:53

Health: -1/51      AC:  8    Str: 13    XL:     5   Next: 38%
Magic:  6/6        EV:  9    Int: 16    God:
Gold:   65         SH:  0    Dex: 21    Spells: 6/6 levels left

rFire    . . .     SeeInvis .   g - +0 long sword
rCold    . . .     Gourm    .   (no shield)
rNeg     . . .     Faith    .   c - +2 scale mail
rPois    .         Spirit   .   (no helmet)
rElec    .         Reflect  .   (no cloak)
rCorr    .         Harm     .   (no gloves)
MR       .....                  (no boots)
Stlth    ++........             (no amulet)
HPRegen  0.17/turn              (no ring)
MPRegen  0.10/turn              (no ring)

@: hasted, very quick
A: distributed training, fangs 1, thin skeletal structure 2, agile 1, low mp 1,
strong nose
a: no special abilities


You were on level 3 of the Dungeon.
You were not hungry.

You visited 1 branch of the dungeon, and saw 4 of its levels.

You collected 65 gold pieces.

Inventory:

Hand Weapons
 g - a +0 long sword (weapon)
Armour
 c - a +2 scale mail (worn)
Scrolls
 b - 2 scrolls of teleportation
Comestibles
 a - 2 chunks of flesh
 d - 6 rations


   Skills:
 + Level 8.6 Fighting
 + Level 1.4 Short Blades
 + Level 4.7 Long Blades
 + Level 1.4 Axes
 + Level 1.4 Maces & Flails
 + Level 1.4 Polearms
 + Level 1.4 Staves
 + Level 1.4 Slings
 + Level 2.9 Bows
 + Level 1.4 Crossbows
 + Level 2.9 Throwing
 + Level 2.9 Armour
 + Level 1.4 Dodging
 + Level 1.4 Stealth
 + Level 1.4 Shields
 + Level 1.4 Unarmed Combat
 + Level 1.4 Spellcasting
 + Level 1.1 Conjurations
 + Level 1.1 Hexes
 + Level 1.1 Charms
 + Level 1.1 Summonings
 + Level 1.1 Necromancy
 + Level 1.1 Translocations
 + Level 1.1 Transmutations
 + Level 1.1 Fire Magic
 + Level 1.1 Ice Magic
 + Level 1.1 Air Magic
 + Level 1.1 Earth Magic
 + Level 1.1 Poison Magic
 + Level 1.6 Invocations
 + Level 2.9 Evocations


You had 6 spell levels left.
You didn't know any spells.
Your spell library was empty.

Dungeon Overview and Level Annotations

Branches:
Dungeon (4/15)
 Temple: D:4-7

Altars:
The Shining One


Innate Abilities, Weirdness & Mutations

Your experience applies equally to all skills.
You have very sharp teeth.
Your uncanny sense of smell can sniff out nearby items.
You have a moderately thin skeletal structure. (Dex +4, Stealth+)
You are agile. (Dex +2)
Your magical capacity is low. (-10% MP)


Message History

You closely miss the orc.
The orc is heavily wounded.
The orc barely misses you.
You hit the orc.
You kill the orc!
You hit the orc priest but do no damage.
You bite the orc priest.
The orc priest is lightly wounded.
The orc priest begins to cast a cantrip, but forgets the words!
You closely miss the orc priest.
The orc priest is lightly wounded.
You slash the orc priest!
The orc priest is severely wounded.
The orc priest hits you with a +0 flail.
* * * LOW HITPOINT WARNING * * *
You barely miss the orc priest.
The orc priest is severely wounded.
The orc priest calls down the wrath of Beogh upon you.
Pain shoots through your body!
You die...

.# P≈P#.# ###.#
♣≈P≈.# #... ♣≈≈P.#
#..## ♣P≈P.###
#...#### ♣♣≈....
.......+ ♣♣≈≈..#
#######...#
≈≈≈≈#.####........#
.P≈........#####@##
#.P.#.####.# #o#
#.#.#..# #.# #o#
#...##.# #.# ..#
###.##.# #.# ...
#.##.###.#.#.#..
#.÷(<...........
####.#####.#.##..
#.#


You could see an orc priest and an orc.

Vanquished Creatures
  Natasha (thrice) (D:2)
  3 adders
  An ooze (D:1)
  2 worms (D:2)
  3 dart slugs
  2 orcs (D:3)
  8 bats
  2 giant cockroaches
  5 goblins
  A hobgoblin (D:2)
  4 jackals (D:2)
  A quokka (D:2)
  A frilled lizard (D:2)
  4 kobolds
  4 rats
44 creatures vanquished.

Notes
Turn   | Place    | Note
-------+----------+-------------------------------------------
     0 | D:1      | wolfsongas the Gnoll Wanderer began the quest for the Orb.
     0 | D:1      | wolfsongas set off with the following items: a +0 falchion,
                  | a scroll of teleportation, a +2 scale mail, a ration
     0 | D:1      | Reached XP level 1. HP: 26/26 MP: 2/2
    97 | D:1      | You fall into a shaft and drop 1 floor!
   115 | D:2      | Found a glowing golden altar of the Shining One.
   195 | D:1      | Reached XP level 2. HP: 32/33 MP: 3/3
   381 | D:1      | Reached XP level 3. HP: 36/38 MP: 4/4
   743 | D:2      | Reached skill level 1 in Invocations
   968 | D:2      | Reached skill level 1 in Short Blades
   968 | D:2      | Reached skill level 1 in Axes
   968 | D:2      | Reached skill level 1 in Maces & Flails
   968 | D:2      | Reached skill level 1 in Polearms
   968 | D:2      | Reached skill level 1 in Staves
   968 | D:2      | Reached skill level 1 in Slings
   968 | D:2      | Reached skill level 1 in Crossbows
   968 | D:2      | Reached skill level 1 in Dodging
   968 | D:2      | Reached skill level 1 in Stealth
   968 | D:2      | Reached skill level 1 in Shields
   968 | D:2      | Reached skill level 1 in Unarmed Combat
   968 | D:2      | Reached skill level 1 in Spellcasting
   990 | D:2      | You fall into a shaft and drop 2 floors!
  1053 | D:2      | Reached XP level 4. HP: 37/45 MP: 6/6
  1288 | D:2      | Gained mutation: You are agile. (Dex +2) [potion of
                  | mutation]
  1288 | D:2      | Gained mutation: Your magical capacity is low. (-10% MP)
                  | [potion of mutation]
  1288 | D:2      | Gained mutation: You have a somewhat thin skeletal
                  | structure. (Dex +2, Stealth) [potion of mutation]
  1288 | D:2      | Gained mutation: You have a moderately thin skeletal
                  | structure. (Dex +4, Stealth+) [potion of mutation]
  1330 | D:2      | Noticed Natasha
  1334 | D:2      | Killed Natasha
  1334 | D:2      | Reached skill level 1 in Conjurations
  1334 | D:2      | Reached skill level 1 in Hexes
  1334 | D:2      | Reached skill level 1 in Charms
  1334 | D:2      | Reached skill level 1 in Summonings
  1334 | D:2      | Reached skill level 1 in Necromancy
  1334 | D:2      | Reached skill level 1 in Translocations
  1334 | D:2      | Reached skill level 1 in Transmutations
  1334 | D:2      | Reached skill level 1 in Fire Magic
  1334 | D:2      | Reached skill level 1 in Ice Magic
  1334 | D:2      | Reached skill level 1 in Air Magic
  1334 | D:2      | Reached skill level 1 in Earth Magic
  1334 | D:2      | Reached skill level 1 in Poison Magic
  1390 | D:2      | Noticed Natasha
  1400 | D:2      | Killed Natasha
  1400 | D:2      | Reached XP level 5. HP: 51/51 MP: 6/6
  1590 | D:2      | Noticed Natasha
  1599 | D:2      | Killed Natasha
  1741 | D:3      | Killed from afar by an orc priest

Levels and vault maps discovered:
D:1:      dpeg_arrival_short_road, layout_loops_ring
D:2:      layout_basic, lemuel_doored_altar, uniq_natasha
D:3:      layout_loops_corners, first_ration, serial_bayou_pond_c,
          minmay_cupped, uniq_robin, uniq_ijyb, uniq_jessica
D:4:      layout_loops_ring, uniq_edmund, uniq_grinder, uniq_pikel, uniq_sigmund

Skill      XL: |  1  2  3  4 |
---------------+-------------+-----
Invocations    | 1 |  1.6
Short Blades   | 1 |  1.4
Axes           | 1 |  1.4
Maces & Flails | 1 |  1.4
Polearms       | 1 |  1.4
Staves         | 1 |  1.4
Slings         | 1 |  1.4
Crossbows      | 1 |  1.4
Dodging        | 1 |  1.4
Stealth        | 1 |  1.4
Shields        | 1 |  1.4
Unarmed Combat | 1 |  1.4
Spellcasting   | 1 |  1.4
Conjurations   | 1 |  1.1
Hexes          | 1 |  1.1
Charms         | 1 |  1.1
Summonings     | 1 |  1.1
Necromancy     | 1 |  1.1
Translocations | 1 |  1.1
Transmutations | 1 |  1.1
Fire Magic     | 1 |  1.1
Ice Magic      | 1 |  1.1
Air Magic      | 1 |  1.1
Earth Magic    | 1 |  1.1
Poison Magic   | 1 |  1.1
Fighting       | |  8.6
Long Blades    | |  4.7
Bows           | |  2.9
Throwing       | |  2.9
Armour         | |  2.9
Evocations     | |  2.9

Action                   |  1- 3 |  4- 6 || total
-------------------------+-------+-------++-------
Melee: Falchion          |    90 |       ||    90
       Bite              |     6 |     7 ||    13
       Long sword        |     6 |    48 ||    54
  Use: Scroll            |     3 |     1 ||     4
       Potion            |       |     2 ||     2
 Stab: Distracted        |       |     1 ||     1
  Eat: Chunk             |     1 |     2 ||     3
Armor: Scale mail        |    60 |    17 ||    77
Dodge: Dodged            |    54 |    16 ||    70
       Rpst.: Falchion   |    16 |       ||    16
       Long sword        |     1 |     9 ||    10

Table legend:
 A = Non-vault XP
 B = Vault XP
 C = Vault XP percentage of total XP
 D = Non-vault monster count
 E = Vault monster count
 F = Vault count percentage of total count
                 A         B        C        D         E       F
            +---------+---------+-------+---------+---------+-------
      Total |     192 |      33 |  14.7 |      43 |       1 |   2.3
            +---------+---------+-------+---------+---------+-------
        D:1 |      39 |       0 |   0.0 |      18 |       0 |   0.0
        D:2 |     132 |      33 |  20.0 |      21 |       1 |   4.5
        D:3 |      19 |       0 |   0.0 |       3 |       0 |   0.0
        D:4 |       2 |       0 |   0.0 |       1 |       0 |   0.0
            +---------+---------+-------+---------+---------+-------
